 Dungeon Crawl Stone Soup version 0.21-a0-591-g2314aa1 (webtiles) character file.

427 Amnesiac the Digger (level 6, 0/32 HPs)
             Began as a Deep Elf Earth Elementalist on Dec 22, 2017.
             Slain by an orc
             ... wielding a +0 short sword of speed
              (5 damage)
             ... on level 3 of the Dungeon.
             The game lasted 00:03:41 (2646 turns).

Amnesiac the Digger (Deep Elf Earth Elementalist)   Turns: 2646, Time: 00:03:42

Health: 0/32       AC:  2    Str:  5    XL:     6   Next: 65%
Magic:  3/15       EV: 13    Int: 22    God:
Gold:   106        SH:  0    Dex: 15    Spells: 3/15 levels left

rFire    . . .     SeeInvis .   h - +1 dagger (venom)
rCold    . . .     Gourm    .   (no shield)
rNeg     . . .     Faith    .   c - +0 robe
rPois    .         Spirit   .   (no helmet)
rElec    .         Reflect  .   (no cloak)
rCorr    .         Harm     .   (no gloves)
MR       .....                  (no boots)
Stlth    ++........             (no amulet)
HPRegen  0.10/turn              (no ring)
MPRegen  0.14/turn              (no ring)

@: no status effects
A: no striking features
a: no special abilities


You were on level 3 of the Dungeon.
You were not hungry.

You visited 1 branch of the dungeon, and saw 3 of its levels.

You collected 106 gold pieces.

Inventory:

Hand Weapons
 h - a +1 dagger of venom (weapon)
Missiles
 b - 7 stones (quivered)
 q - 12 poisoned needles
Armour
 c - a +0 robe (worn)
 p - a +0 pair of boots
Scrolls
 g - 3 scrolls of fog {!r, unknown}
 j - 3 scrolls of teleportation {!r, unknown}
 l - 2 scrolls of magic mapping {!r, unknown}
 m - 6 scrolls of identify {!r, unknown}
 n - 2 scrolls of blinking {!r, unknown}
 t - a scroll of random uselessness {!r, unknown}
 u - a scroll of remove curse {!r, unknown}
Potions
 a - a potion of brilliance {!q, unknown}
 f - a potion of curing {!q, unknown}
 i - a potion of mutation {!q, unknown}
 k - a potion of cancellation {!q, unknown}
 o - a potion of ambrosia {!q, unknown}
 s - a potion of might {!q, unknown}
Books
 e - a book of Geomancy

   Spells                             Type                      Level
   a - Sandblast                      Earth                        1
   b - Passwall                       Transmutation/Earth          2
   c - Stone Arrow                    Conjuration/Earth            3
   d - Petrify                        Transmutation/Earth          4
   e - Lee's Rapid Deconstruction     Earth                        5
Comestibles
 d - 5 rations
 r - a chunk of flesh


   Skills:
 - Level 2.4 Dodging
 - Level 2.4 Stealth
 - Level 5.0 Spellcasting
 - Level 5.1 Transmutations
 + Level 5.6 Earth Magic


You had 3 spell levels left.
You knew the following spells:

 Your Spells              Type           Power        Failure   Level  Hunger
a - Sandblast             Erth           ####..       1%          1    None
b - Passwall              Tmut/Erth      ####......   1%          2    None
d - Lee's Rapid Deconstr  Erth           ####......   28%         5    #####..
e - Petrify               Tmut/Erth      ####....     11%         4    ####...


Dungeon Overview and Level Annotations

Branches:
Dungeon (3/15)

Altars:
Cheibriados
Dithmenos
Fedhas
Gozag
Okawaru
Qazlal


Message History

Confirm with . or Enter, or press ? or * to list all spells.
You can't see any susceptible monsters within range! (Use Z to cast anyway.)
Casting: Sandblast
Confirm with . or Enter, or press ? or * to list all spells.
You can't see any susceptible monsters within range! (Use Z to cast anyway.)
The orc wizard gestures at you while chanting.
The magic dart hits you!
Casting: Sandblast
Confirm with . or Enter, or press ? or * to list all spells.
Aiming: Sandblast
Press: ? - help, Shift-Dir - straight line, f - orc priest
Aim: an orc priest The blast of sand hits the orc priest.
You kill the orc priest!
b - 12 stones The orc wizard points at you and mumbles some strange words.
You resist with some effort.
Casting: Sandblast
Confirm with . or Enter, or press ? or * to list all spells.
Aiming: Sandblast
Press: ? - help, Shift-Dir - straight line, f - orc wizard
Aim: an orc wizard, wielding a dagger and wearing a robe (fast)
The blast of sand hits the orc wizard.
b - 11 stones The orc wizard points at you and mumbles some strange words.
The magic dart hits you!
* * * LOW HITPOINT WARNING * * *
Casting: Sandblast
Confirm with . or Enter, or press ? or * to list all spells.
Aiming: Sandblast
Press: ? - help, Shift-Dir - straight line, f/p - orc wizard
Aim: an orc wizard, wielding a dagger and wearing a robe (fast)
The blast of sand misses the orc wizard.
b - 10 stones
Casting: Sandblast
Confirm with . or Enter, or press ? or * to list all spells.
Aiming: Sandblast
Press: ? - help, Shift-Dir - straight line, f/p - orc wizard
Aim: an orc wizard, wielding a dagger and wearing a robe (fast)
The blast of sand hits the orc wizard.
The orc wizard is heavily wounded.
b - 9 stones
Casting: Sandblast
Confirm with . or Enter, or press ? or * to list all spells.
Aiming: Sandblast
Press: ? - help, Shift-Dir - straight line, f/p - orc wizard
Aim: an orc wizard, wielding a dagger and wearing a robe (heavily wounded, fast)
The blast of sand hits the orc wizard.
The orc wizard is almost dead.
b - 8 stones The orc wizard misses you.
The orc wizard casts a spell at you. The magic dart hits you!
* * * LOW HITPOINT WARNING * * *
Casting: Sandblast
Confirm with . or Enter, or press ? or * to list all spells.
Aiming: Sandblast
Press: ? - help, Shift-Dir - straight line, f/p - orc wizard
Aim: an orc wizard, wielding a dagger and wearing a robe (almost dead, fast)
The blast of sand hits the orc wizard.
You kill the orc wizard!
b - 7 stones The orc hits you with a short sword of speed.
You die...

#......รท....###.......
#..<..#####.# #.......
#.....# #.# #..#.##.
#####.# #.###..#.##.
#.# #........#..
######<#########.......
#............. #.####.#
#.####.######. #.# #.#
#@)...... #.# #.#
#o######. #.# #.# #o#
#.# #.# #.# #.####..
..# #....... #..
######## #.# #.#
######## #.......


You could see 2 orcs.

Vanquished Creatures
  Grinder (D:3)
  An orc wizard (D:3)
  2 orc priests (D:3)
  A worker ant (D:2)
  3 adders
  An ooze (D:2)
  5 worms
  5 dart slugs
  2 leopard geckos
  5 orcs (D:3)
  A ball python (D:2)
  7 giant cockroaches
  9 goblins
  11 hobgoblins
  2 jackals (D:1)
  7 kobolds
  A quokka (D:3)
  7 bats
  4 frilled lizards
  4 rats
79 creatures vanquished.

Notes
Turn   | Place    | Note
-------+----------+-------------------------------------------
     0 | D:1      | Amnesiac the Deep Elf Earth Elementalist began the quest for the Orb.
     0 | D:1      | Reached XP level 1. HP: 10/10 MP: 6/6
   122 | D:1      | Reached XP level 2. HP: 14/15 MP: 1/8
   496 | D:1      | Learned a level 2 spell: Passwall
   560 | D:1      | Reached XP level 3. HP: 15/19 MP: 10/10
  1111 | D:2      | Found a blossoming altar of Fedhas.
  1138 | D:2      | Found a stormy altar of Qazlal.
  1155 | D:2      | Reached XP level 4. HP: 21/24 MP: 12/12
  1173 | D:2      | Learned a level 4 spell: Petrify
  1270 | D:2      | Found a shadowy altar of Dithmenos.
  1270 | D:2      | Found an iron altar of Okawaru.
  1316 | D:2      | Reached skill level 5 in Earth Magic
  1517 | D:2      | Found an opulent altar of Gozag.
  1551 | D:2      | Found a snail-covered altar of Cheibriados.
  2096 | D:3      | Reached XP level 5. HP: 24/28 MP: 10/14
  2105 | D:3      | Reached skill level 5 in Spellcasting
  2508 | D:3      | Learned a level 5 spell: Lee's Rapid Deconstruction
  2591 | D:3      | Noticed Grinder
  2591 | D:3      | Paralysed by Grinder for 7 turns
  2603 | D:3      | Killed Grinder
  2603 | D:3      | Reached skill level 5 in Transmutations
  2603 | D:3      | Reached XP level 6. HP: 32/32 MP: 9/15
  2646 | D:3      | Slain by an orc

Vault maps used:
D:1:      dpeg_arrival_arbitrary_b
D:2:      grunt_temple_overflow_forces_of_nature, cheibriados_altar_1,
          nicolae_gozag_cash_rules_everything_around_me,
          gammafunk_temple_overflow_elements, first_ration
D:3:      uniq_grinder

Skill      XL: |  1  2  3  4  5 |
---------------+----------------+-----
Earth Magic    | 4 5 |  5.6
Spellcasting   | 4 5 |  5.0
Transmutations | 2 5 |  5.1
Dodging        | |  2.4
Stealth        | |  2.4

Action                   |  1- 3 |  4- 6 || total
-------------------------+-------+-------++-------
Melee: Dagger            |    59 |    47 ||   106
 Cast: Sandblast         |    19 |    51 ||    70
       Petrify           |       |     3 ||     3
 Stab: Sleeping          |     2 |     3 ||     5
       Petrified         |       |     5 ||     5
  Eat: Chunk             |     1 |     5 ||     6
Armor: Robe              |    13 |     6 ||    19
Dodge: Dodged            |    55 |    23 ||    78

Table legend:
 A = Spawn XP
 B = Non-spawn XP
 C = Spawn XP percentage of total XP
 D = Spawn monster count
 E = Non-spawn monster count
 F = Spawn count percentage of total count
 G = Total turns spent on level
                    A         B        C        D         E        F      G
               +---------+---------+-------+---------+---------+-------+---------
         Total |       0 |     610 |   0.0 |       0 |      79 |   0.0 |  2646
               +---------+---------+-------+---------+---------+-------+---------
           D:1 |       0 |      51 |   0.0 |       0 |      27 |   0.0 |   908
           D:2 |       0 |     107 |   0.0 |       0 |      22 |   0.0 |  1168
           D:3 |       0 |     452 |   0.0 |       0 |      30 |   0.0 |   570
               +---------+---------+-------+---------+---------+-------+---------
